 Dungeon Crawl Stone Soup version 0.29-a0-91-gdebf4667c2 (webtiles) character file.

Game seed: 8915573723266713778

48 cyrus the Archer (level 3, 0/31 HPs)
             Began as a Gnoll Hunter on Feb 9, 2022.
             Was an Initiate of Ru.
             Slain by a kobold (1 damage)
             ... on level 2 of the Dungeon.
             The game lasted 00:09:18 (1127 turns).

cyrus the Archer (Gnoll Hunter)                     Turns: 1127, Time: 00:09:20

Health: 0/31       AC:  3    Str: 13    XL:     3   Next: 72%
Magic:  4/4        EV: 13    Int: 10    God:    Ru [......]
Gold:   72         SH:  0    Dex: 12    Spells: 3/3 levels left

rFire   . . .      SeeInvis .   i - staff of poison
rCold   . . .      Faith    .   (no shield)
rNeg    . . .      Spirit   .   c - +0 leather armour
rPois   +          Reflect  .   (no helmet)
rElec   .          Harm     .   (no cloak)
rCorr   .          Rampage  .   (no gloves)
Will    .....                   (no boots)
Stlth   ++........              (no amulet)
HPRegen 0.10/turn               (no ring)
MPRegen 0.09/turn               (no ring)

@: no status effects
A: fangs 1, disrupted magic 1, strong nose, distributed training
a: Renounce Religion


You were on level 2 of the Dungeon.
You worshipped Ru.
Ru was noncommittal.
You visited 1 branch of the dungeon, and saw 2 of its levels.

You collected 72 gold pieces.

Inventory:

Hand Weapons
 a - a +1 shortbow
 b - a +0 short sword
 g - a +0 mace
Missiles
 d - 13 arrows
Armour
 c - a +0 leather armour (worn)
Magical Staves
 i - a staff of poison (weapon)
Scrolls
 h - a scroll of identify {unknown}
Potions
 e - a potion of resistance {unknown}
 f - a potion of invisibility {unknown}


   Skills:
 + Level 4.5 Fighting
 + Level 0.9 Short Blades
 + Level 0.9 Long Blades
 + Level 0.9 Axes
 + Level 0.9 Maces & Flails
 + Level 0.9 Polearms
 + Level 0.9 Staves
 + Level 0.9 Slings
 + Level 8.5 Bows
 + Level 0.9 Crossbows
 + Level 0.9 Throwing
 + Level 0.9 Armour
 + Level 4.5 Dodging
 + Level 2.4 Stealth
 + Level 0.9 Shields
 + Level 0.9 Unarmed Combat
 + Level 0.9 Spellcasting
 + Level 0.6 Conjurations
 + Level 0.6 Hexes
 + Level 0.6 Summonings
 + Level 0.6 Necromancy
 + Level 0.6 Translocations
 + Level 0.6 Transmutations
 + Level 0.6 Fire Magic
 + Level 0.6 Ice Magic
 + Level 0.6 Air Magic
 + Level 0.6 Earth Magic
 + Level 0.6 Poison Magic
 + Level 1.0 Invocations
 + Level 0.9 Evocations


You had 3 spell levels left.
You didn't know any spells.
Your spell library contained the following spells:

 Spells                   Type           Power      Damage    Failure   Level
 Apportation              Tloc           2%         N/A       43%         1
 Alistair's Intoxication  Tmut/Pois      1%         N/A       100%        5


Dungeon Overview and Level Annotations

Branches:
Dungeon (2/15)

Altars:
Makhleb
Ru


Innate Abilities, Weirdness & Mutations

You have very sharp teeth.
Your casting is slightly disrupted.
Your uncanny sense of smell can sniff out nearby items.
Your experience applies equally to all skills.


Message History

You hit the jackal but do no damage. You bite the jackal.
The jackal is moderately wounded.
The jackal bites you. x4; The frilled lizard bites you.
* * * LOW HITPOINT WARNING * * *
The kobold hits you with a +0 short sword.
* * * LOW HITPOINT WARNING * * *
You hit the jackal.
You kill the jackal!
The jackal closely misses you. x2
The jackal bites you but does no damage.
The jackal closely misses you. The frilled lizard bites you.
* * * LOW HITPOINT WARNING * * *
The kobold barely misses you.
An adder comes into view.
The jackal barely misses you. The jackal bites you.
* * * LOW HITPOINT WARNING * * *
The jackal misses you.
The frilled lizard completely misses you.
The jackal barely misses you. The kobold barely misses you.
The jackal misses you.
You see here a jackal corpse.
Welcome back, cyrus the Gnoll Hunter.
Ru says: Cut away your false body!
Press ? for a list of commands and other information.
The adder hisses angrily.
You hit the jackal.
The jackal is heavily wounded.
The jackal misses you. The jackal bites you.
* * * LOW HITPOINT WARNING * * *
The jackal misses you.
The frilled lizard bites you but does no damage.
The jackal bites you but does no damage.
The kobold closely misses you.
You hit the jackal but do no damage. Your bite misses the jackal.
The jackal is heavily wounded.
The jackal completely misses you. The jackal misses you. The jackal bites you.
* * * LOW HITPOINT WARNING * * *
The frilled lizard misses you.
The kobold hits you with a +0 short sword.
You die...

#.#...#...####...
#.....................
#.............#.......
#.............#....S..
#......##.....#.......
#......##.....#..(....
#......##.....#.(.....
#......##....hl......#
#......######.@h._...#
#......# #Kh.......
#....... #......... ∆
.##....... .. .......
... ....... ....
....... ..... .......
...... ....


You could see an adder, 3 jackals, a kobold and a frilled lizard.

Vanquished Creatures
  A worm (D:2)
  A dart slug (D:1)
  4 endoplasms (D:1)
  3 giant cockroaches (D:1)
  3 goblins (D:1)
  8 hobgoblins (D:1)
  4 jackals
  A ball python (D:1)
  2 bats (D:1)
  2 frilled lizards (D:1)
  4 kobolds (D:1)
  4 rats (D:1)
37 creatures vanquished.

Vanquished Creatures (others)
  A fungus (D:1)
  6 plants (D:1)
7 creatures vanquished.

Grand Total: 44 creatures vanquished

Notes
Turn   | Place    | Note
-------+----------+-------------------------------------------
     0 | D:1      | cyrus the Gnoll Hunter began the quest for the Orb.
     0 | D:1      | Reached XP level 1. HP: 20/20 MP: 1/1
    61 | D:1      | Reached XP level 2. HP: 21/26 MP: 2/2
    96 | D:1      | Found a faded altar of an unknown god.
   100 | D:1      | Prayed at the altar of an unknown god.
   100 | D:1      | Became a worshipper of Ru the Awakened
   112 | D:1      | Gained mutation: Your casting is slightly disrupted. [Ru
                  | sacrifice]
   483 | D:1      | Reached XP level 3. HP: 25/31 MP: 3/3
   636 | D:1      | Reached skill level 1 in Invocations
  1104 | D:2      | Found a burning altar of Makhleb.
  1127 | D:2      | HP: 1/31 [jackal (3)]
  1127 | D:2      | Slain by a kobold

Illustrated notes

Levels and vault maps discovered:
D:1:      mainiacjoe_arrival_reflecting_pool, layout_basic,
          shapermc_ecumenical_altar_mp_urbaneastern, minmay_misc_feat_roman,
          minmay_misc_feat_plants, nrook_uturn, minmay_pentomino_z2
D:2:      layout_basic, basic_altar

Skill      XL: |  1  2  3 |
---------------+----------+-----
Invocations    | 1 |  1.0
Fighting       | |  4.5
Short Blades   | |  0.9
Long Blades    | |  0.9
Axes           | |  0.9
Maces & Flails | |  0.9
Polearms       | |  0.9
Staves         | |  0.9
Slings         | |  0.9
Bows           | |  8.5
Crossbows      | |  0.9
Throwing       | |  0.9
Armour         | |  0.9
Dodging        | |  4.5
Stealth        | |  2.4
Shields        | |  0.9
Unarmed Combat | |  0.9
Spellcasting   | |  0.9
Conjurations   | |  0.6
Hexes          | |  0.6
Summonings     | |  0.6
Necromancy     | |  0.6
Translocations | |  0.6
Transmutations | |  0.6
Fire Magic     | |  0.6
Ice Magic      | |  0.6
Air Magic      | |  0.6
Earth Magic    | |  0.6
Poison Magic   | |  0.6
Evocations     | |  0.9

Action                   || total
-------------------------++-------
Melee: Short sword       ||    71
       Shortbow          ||     6
       Bite              ||    12
       Staff             ||    11
       Punch             ||     1
 Fire: Shortbow          ||    45
Invok: Sacrifice Essence ||     1
Armor: Leather armour    ||    23
Dodge: Dodged            ||   104

Table legend: (Time is in decaauts)
 A = Elapsed time spent in this place.
 B = Non-inter-level travel time spent in this place.
 C = Inter-level travel time spent in this place.
 D = Time resting spent in this place.
 E = Time spent auto-exploring this place.
 F = Levels seen in this place.
 G = Mean time per level.
                   A        B        C        D        E       F      G
               +--------+--------+--------+--------+--------+-----+--------+
         Total |   1124 |   1124 |      0 |      0 |    551 |   2 |  562.0 |
       Dungeon |   1124 |   1124 |      0 |      0 |    551 |   2 |  562.0 |
               +--------+--------+--------+--------+--------+-----+--------+

Top non-repeatable levels by time:
     D:1: 1056 daAuts
     D:2: 68 daAuts
